Map: Newkirk Precinct TE (Void)

Players

Lonestarr

  • Race: Terran Terran
  • Spawn Location: 5:00

Fropez - Winner!

  • Race: Protoss Protoss
  • League: Gold
  • Spawn Location: 7:00

VOD

Have the link to the VOD?

Description

Time

  • Played on: Jan. 23, 2017, 8:25 p.m.
  • Length: 4:27
Show
View Real Time Build Order
Export as new Build Order

Lonestarr Terran 

Build Orders:  

Get SALT Encoding   

  12  0:01  SCV  
  13  0:13  SCV  
  14  0:19  Supply Depot  
  14  0:26  SCV  
  15  0:31  Refinery  
  15  0:40  SCV  
  16  0:49  Barracks  
  16  0:59  Supply Depot  
  16  1:04  SCV  
  17  1:16  SCV  
  18  1:21  Refinery  
  18  1:28  SCV  
  19  1:40  SCV  
  20  1:47  Engineering Bay  
  20  1:53  SCV  
  21  2:05  SCV  
  21  2:06  Barracks Reactor  
  21  2:07  Bunker  
  22  2:18  SCV  
  23  2:32  Factory  
  23  2:40  Factory  
  23  2:42  Marine x2  
  26  2:51  SCV  
  26  3:10  Bunker  
  26  3:15  SCV  
  27  3:20  Barracks Tech Lab  
  27  3:29  Command Center  
  27  3:32  Widow Mine  
  26  4:00  Marine  
  27  4:10  Factory Tech Lab  
Show
View Real Time Build Order
Export as new Build Order

Fropez Protoss - Winner!

Build Orders:  

Get SALT Encoding   

  12  0:01  Probe (Chrono Boost)  
  13  0:11  Probe (Chrono Boost)  
  14  0:21  Pylon  
  14  0:22  Probe (Chrono Boost)  
  15  0:40  Probe (Chrono Boost)  
  15  0:42  Gateway  
  16  0:47  Assimilator  
  16  0:50  Probe (Chrono Boost)  
  17  1:01  Probe (Chrono Boost), Assimilator  
  18  1:11  Probe (Chrono Boost)  
  19  1:19  Pylon  
  19  1:22  Probe (Chrono Boost)  
  20  1:31  Cybernetics Core  
  20  1:32  Probe (Chrono Boost)  
  21  1:43  Probe (Chrono Boost)  
  22  1:49  Zealot  
  24  2:00  Gateway  
  24  2:09  Pylon  
  24  2:11  Warp Gate  
  24  2:16  Pylon  
  25  2:23  Probe (Chrono Boost)  
  25  2:33  Adept  
  27  2:39  Gateway  
  29  2:45  Mothership Core (Chrono Boost)  
  29  2:47  Adept  
  31  2:53  Twilight Council  
  31  3:07  Adept  
  33  3:21  Nexus  
  33  4:08  Pylon  
  33  4:12  Gateway  
  33  4:15  Assimilator  
  33  4:25  Adept x2  
Tags
 
Add a new tag
Caveats
  • Supply blocks, unpowered buildings, or Contaminate may cause inaccurate times.
  • Supply counts are checked every 10 seconds.